 Dungeon Crawl Stone Soup version 0.25-a0-265-g7af84ae0ac (webtiles) character file.

Game seed: 77753511936261318, levelgen mode: deterministic

122 floatRand the Chopper (level 4, -9/33 HPs)
             Began as a Demonspawn Gladiator on Dec 8, 2019.
             Was an Initiate of Nemelex Xobeh.
             Killed by a card of wild magic (15 damage)
             ... on level 3 of the Dungeon.
             The game lasted 00:03:53 (2175 turns).

floatRand the Chopper (Demonspawn Gladiator)        Turns: 2175, Time: 00:03:56

Health: -9/33      AC:  4    Str: 14    XL:     4   Next: 78%
Magic:  5/5        EV: 13    Int: 12    God:    Nemelex Xobeh [......]
Gold:   40         SH:  0    Dex: 15    Spells: 3/3 levels left

rFire    . . .     SeeInvis .   a - +0 war axe
rCold    . . .     Gourm    .   (no shield)
rNeg     . . .     Faith    .   b - +0 leather armour
rPois    .         Spirit   .   c - +0 helmet
rElec    .         Reflect  .   (no cloak)
rCorr    .         Harm     .   (no gloves)
MR       .....                  (no boots)
Stlth    +++.......             (no amulet)
HPRegen  0.11/turn              l - +2 ring of intelligence
MPRegen  0.09/turn              (no ring)

@: no status effects
A: talons 1, nightstalker 1
a: Draw Escape, Draw Destruction, Draw Summoning, Renounce Religion


You were on level 3 of the Dungeon.
You worshipped Nemelex Xobeh.
Nemelex Xobeh was noncommittal.
You were not hungry.

You visited 1 branch of the dungeon, and saw 3 of its levels.

You collected 40 gold pieces.

Inventory:

Hand Weapons
 a - a +0 war axe (weapon)
 n - a +2 whip of flaming
 t - a +0 dagger of electrocution
Missiles
 d - 3 throwing nets (quivered)
Armour
 b - a +0 leather armour (worn)
 c - a +0 helmet (worn)
Jewellery
 l - a +2 ring of intelligence (left hand)
Scrolls
 g - 5 scrolls of teleportation {unknown}
 h - 3 scrolls of enchant weapon {unknown}
 i - a scroll of remove curse {unknown}
 j - a scroll of enchant armour {unknown}
 k - 2 scrolls of fog {unknown}
 o - 2 scrolls of identify {unknown}
 r - a scroll of magic mapping {unknown}
 s - 2 scrolls of blinking {unknown}
Potions
 e - 3 potions of curing {unknown}
 m - a potion of flight {unknown}
 p - a potion of agility {unknown}
 q - a potion of magic {unknown}
Comestibles
 f - 4 rations
 u - 7 chunks of flesh


   Skills:
 - Level 2.0 Fighting
 * Level 3.8 Axes
 - Level 1.7 Throwing
 + Level 3.2 Dodging
 + Level 2.0 Stealth
 * Level 2.1 Invocations


You had 3 spell levels left.
You didn't know any spells.
Your spell library was empty.

Dungeon Overview and Level Annotations

Branches:
Dungeon (3/15)

Altars:
Gozag
Nemelex Xobeh
Okawaru
Sif Muna
Wu Jian
Zin


Innate Abilities, Weirdness & Mutations

You have sharp toenails.
You are slightly more attuned to the shadows.


Message History

Press: ? - help, Shift-Dir - straight line, f/p - orc wizard
Aim: an orc wizard, wielding a +0 dagger and wearing a +0 robe The leopard gecko convulses!
The orc priest shouts!
The leopard gecko bites you. The orc wizard closely misses you.
Unknown command.
The leopard gecko barely misses you.
The orc priest calls down the wrath of Beogh upon you.
Beogh smites you!
* * * LOW HITPOINT WARNING * * *
The orc wizard gestures wildly while chanting.
The orc wizard seems to speed up.
Unknown command.
You draw a card...
You have drawn Wild Magic.
The leopard gecko is caught in a violent explosion!
The explosion engulfs the leopard gecko!
You kill the leopard gecko!
The explosion engulfs you!
You die...
Your body disappears without a glow.

. #....#.)...#.........
..####.................#..
...'.......###.############
... #..........#
...##..)...#####
......)........#
......)......#.#
...............#
..........@..###
..........#.##
.......o..#...
.......%..#....#
......o...#....#
.....o.........#
!..............#
............. ....#........


You could see an orc priest, an orc wizard and an orc.

Vanquished Creatures
  Robin (D:2)
  2 adders (D:2)
  3 dart slugs
  5 leopard geckos
  2 orcs (D:3)
  2 giant cockroaches
  18 goblins
  13 hobgoblins
  4 jackals
  4 bats
  6 frilled lizards
  9 kobolds
  6 rats
75 creatures vanquished.

Vanquished Creatures (others)
  A giant cockroach (D:3)
  A goblin (D:3)
  7 toadstools (D:3)
9 creatures vanquished.

Grand Total: 84 creatures vanquished

Notes
Turn   | Place    | Note
-------+----------+-------------------------------------------
     0 | D:1      | floatRand the Demonspawn Gladiator began the quest for the
                  | Orb.
     0 | D:1      | Reached XP level 1. HP: 16/16 MP: 1/1
    76 | D:1      | Gained mutation: You are slightly more attuned to the
                  | shadows. [demonic ancestry]
    76 | D:1      | Reached XP level 2. HP: 19/22 MP: 2/2
   494 | D:1      | Reached skill level 1 in Stealth
   724 | D:2      | Reached XP level 3. HP: 23/27 MP: 3/3
   800 | D:2      | Found a sparkling altar of Nemelex Xobeh.
   804 | D:2      | Became a worshipper of Nemelex Xobeh the Trickster
   818 | D:2      | Found a shimmering blue altar of Sif Muna.
   823 | D:2      | Found a glowing silver altar of Zin.
   849 | D:2      | Found an ornate altar of the Wu Jian Council.
   900 | D:2      | Found an iron altar of Okawaru.
   939 | D:2      | Reached skill level 1 in Invocations
   972 | D:2      | Received a gift from Nemelex Xobeh
  1308 | D:2      | Gained mutation: You have sharp toenails. [demonic
                  | ancestry]
  1308 | D:2      | Reached XP level 4. HP: 29/33 MP: 3/5
  1647 | D:2      | Noticed Robin
  1650 | D:2      | Killed Robin
  1958 | D:3      | Found an opulent altar of Gozag.
  2175 | D:3      | Killed by a card of wild magic

Levels and vault maps discovered:
D:1:      lightli_iron_boxes, layout_rooms
D:2:      layout_basic, nicolae_overflow_crystal_walls,
          grunt_temple_overflow_cloverleaf, first_ration, uniq_robin
D:3:      cheibrodos_fertilizer, layout_basic, grunt_gozag_breadcrumbs,
          old_standard_altar, fiery_altar_vehumet

Skill      XL: |  1  2  3  4 |
---------------+-------------+-----
Axes           | 3 |  3.8
Stealth        | 1 2 |  2.0
Dodging        | 3 |  3.2
Invocations    | 1 2 |  2.1
Fighting       | |  2.0
Throwing       | |  1.7

Action                   |  1- 3 |  4- 6 || total
-------------------------+-------+-------++-------
Melee: War axe           |   122 |    41 ||   163
       Dagger            |       |    23 ||    23
       Kick              |       |    10 ||    10
 Abil: Draw Destruction  |       |     2 ||     2
 Stab: Sleeping          |    11 |       ||    11
  Eat: Chunk             |     1 |     3 ||     4
Armor: Leather armour    |    32 |    22 ||    54
Dodge: Dodged            |    89 |    51 ||   140

Table legend:
 A = Non-vault XP
 B = Vault XP
 C = Vault XP percentage of total XP
 D = Non-vault monster count
 E = Vault monster count
 F = Vault count percentage of total count
                 A         B        C        D         E       F
            +---------+---------+-------+---------+---------+-------
      Total |     139 |      36 |  20.6 |      63 |      12 |  16.0
            +---------+---------+-------+---------+---------+-------
        D:1 |      39 |       0 |   0.0 |      25 |       0 |   0.0
        D:2 |      74 |      36 |  32.7 |      25 |      12 |  32.4
        D:3 |      26 |       0 |   0.0 |      13 |       0 |   0.0
            +---------+---------+-------+---------+---------+-------
